Map: Dash and Terminal LE (Void)

Players

RollingRock - Winner!

  • Race: Protoss Protoss
  • League: Bronze

SticklerMac

  • Race: Terran Terran
  • League: Bronze

VOD

Have the link to the VOD?

Description

Time

  • Played on: July 27, 2015, 11:01 p.m.
  • Length: 9:18
Show
View Real Time Build Order
Export as new Build Order

RollingRock Protoss - Winner!

Build Orders:  

Get SALT Encoding   

  12  0:02  Probe  
  13  0:14  Pylon  
  13  0:18  Probe  
  14  0:32  Probe  
  15  0:37  Gateway  
  15  0:44  Probe  
  15  0:49  Assimilator  
  16  0:59  Pylon  
  16  1:05  Probe  
  17  1:17  Probe  
  18  1:28  Cybernetics Core  
  18  1:29  Probe (Chrono Boost)  
  18  1:30  Zealot  
  21  1:36  Assimilator  
  21  1:41  Probe (Chrono Boost)  
  21  1:50  Probe (Chrono Boost)  
  22  1:57  Pylon  
  22  2:01  Probe  
  23  2:05  Warp Gate (Chrono Boost)  
  23  2:13  Gateway  
  23  2:17  Probe  
  24  2:23  Stalker (Chrono Boost)  
  24  2:29  Probe  
  27  2:41  Mothership Core (Chrono Boost)  
  29  2:49  Pylon  
  31  2:53  Stalker (Chrono Boost)  
  31  3:02  Stalker (Chrono Boost), Probe (Chrono Boost)  
  34  3:18  Gateway  
  34  3:23  Pylon  
  34  3:46  Probe  
  35  3:56  Zealot x2  
  35  3:57  Nexus  
  40  4:10  Probe  
  40  4:20  Pylon  
  40  4:22  Stalker  
  40  4:23  Stalker  
  44  4:40  Stalker  
  42  4:56  Zealot x2  
  46  5:00  Probe  
  43  5:17  Stalker x3  
  47  5:36  Gateway  
  47  5:38  Gateway  
  45  5:42  Zealot  
  45  5:43  Zealot x2  
  43  6:05  Zealot x3  
  43  6:08  Probe  
  43  6:09  Probe  
  51  6:20  Forge  
  51  6:21  Probe  
  52  6:30  Stalker x2  
  52  6:32  Sentry  
  58  6:37  Probe  
  58  6:38  Probe  
  44  7:02  Zealot x2  
  44  7:03  Zealot  
  50  7:15  Stalker x2  
  52  7:18  Probe  
  52  7:19  Probe  
  52  7:21  Twilight Council  
  56  7:29  Assimilator  
  56  7:30  Probe  
  56  7:31  Probe, Assimilator  
  58  7:38  Robotics Facility  
  58  7:41  Sentry x4  
  66  8:07  Stalker x3  
  66  8:08  Stalker  
  74  8:14  Pylon  
  74  8:16  Pylon  
  61  8:36  Pylon  
  61  8:37  Pylon  
  61  8:39  Pylon  
  55  9:11  Stalker x3  
Show
View Real Time Build Order
Export as new Build Order

SticklerMac Terran 

Build Orders:  

Get SALT Encoding   

  12  0:00  SCV  
  14  0:14  SCV  
  14  0:18  Supply Depot  
  14  0:26  SCV  
  15  0:40  SCV  
  15  0:41  Barracks  
  16  0:48  Refinery  
  16  0:52  SCV  
  17  1:03  Supply Depot  
  17  1:29  Barracks  
  17  1:31  Marine  
  18  1:34  SCV  
  19  1:46  SCV  
  20  1:50  Marine  
  21  1:56  Factory  
  21  2:00  Barracks  
  21  2:06  SCV, Refinery  
  22  2:11  Marine  
  23  2:17  Barracks Tech Lab  
  23  2:24  Supply Depot  
  23  2:37  Orbital Command  
  23  2:51  Barracks Reactor  
  23  2:57  Supply Depot  
  23  3:03  Barracks Reactor  
  23  3:10  Starport  
  23  3:14  SCV  
  24  3:26  SCV  
  25  3:30  Engineering Bay  
  24  3:46  Marine x2  
  24  3:48  Marauder  
  28  3:50  Medivac  
  30  4:01  Terran Infantry Weapons Level 1  
  30  4:02  Barracks Reactor  
  30  4:09  Marauder, Widow Mine  
  34  4:22  Supply Depot, Marine  
  35  4:25  Viking  
  26  4:54  Marine x5  
  26  5:12  Marine x2  
  20  5:20  Marine  
  20  5:21  Marine  
  11  5:57  Marine  
  11  5:58  Marine  
  13  6:10  Marine  
  13  6:11  Marine  
  14  6:16  Marine  
  16  6:32  Marine x2  
  18  6:41  Marine  
  18  6:43  Marine  
  15  7:02  Marine  
  16  7:52  SCV  
Tags
 
Add a new tag
Caveats
  • Supply blocks, unpowered buildings, or Contaminate may cause inaccurate times.
  • Supply counts are checked every 10 seconds.